 Dungeon Crawl Stone Soup version 0.24.1-14-gf8d2b509d9 (webtiles) character file.

Game seed: 4981144225678031412, levelgen mode: deterministic

267280 RobertB the Executioner (level 20, 0/195 HPs)
             Began as a Hill Orc Fighter on May 23, 2020.
             Was the Champion of Yredelemnul.
             Killed from afar by a deep elf death mage (3 damage)
             ... with a bolt of negative energy
             ... on level 5 of the Vaults on June 27, 2020.
             The game lasted 19:09:09 (40161 turns).

RobertB the Executioner (Hill Orc Fighter)         Turns: 40161, Time: 19:09:11

Health: 0/195      AC: 39    Str: 29    XL:     20   Next: 52%
Magic:  25/25      EV: 14    Int:  8    God:    Yredelemnul [******]
Gold:   1222       SH:  0    Dex: 30    Spells: 19/19 levels left

rFire    + + .     SeeInvis .   W - +8 broad axe "Zasitowo" {flame, +Blink rElec rC- Dex+2}
rCold    x . .     Gourm    .   (no shield)
rNeg     . . .     Faith    .   d - +9 plate armour {rF+}
rPois    .         Spirit   .   h - +2 helmet
rElec    +         Reflect  .   i - +1 cloak "Pomoufiso" {MR+++ Dex+9}
rCorr    .         Harm     .   J - +2 pair of gloves
MR       ++++.                  P - +1 pair of boots
Stlth    ..........             S - amulet "Antauf" {*Slow Regen+ Dex+3 Slay+2}
HPRegen  0.82/turn              V - +3 ring of evasion
MPRegen  0.19/turn              e - ring "Mudd" {rElec rF+ Str+3 Dex+4 Stlth-}

@: about to teleport, wreathed by umbra, lightly drained
A: no striking features
}: 1/15 runes: decaying
a: Recall Undead Slaves, Injury Mirror, Animate Dead, Drain Life, Enslave Soul,
Renounce Religion, Evoke Blink


You were on level 5 of the Vaults.
You worshipped Yredelemnul.
Yredelemnul was exalted by your worship.
You were not hungry.

You visited 6 branches of the dungeon, and saw 34 of its levels.
You visited the Abyss 1 time.
You also visited: Trove.

You collected 4236 gold pieces.
You spent 3014 gold pieces at shops.

Inventory:

Hand Weapons
 o - a +4 battleaxe of venom
 E - a +4 vampiric battleaxe
 T - a +2 longbow of velocity
 W - the +8 broad axe "Zasitowo" (weapon) {flame, +Blink rElec rC- Dex+2}
   (You found it on level 3 of the Swamp)

   It has been specially enchanted to burn those struck by it, causing extra
   injury to most foes and up to half again as much damage against particularly
   susceptible opponents.
   Big, fiery blades are also staple armaments of hydra-hunters.
   It affects your dexterity (+2).
   It makes you vulnerable to cold.
   It insulates you from electricity.
   It lets you blink.
 Y - the +11 battleaxe "Samecuah" {venom, MR+++ Str-5}
   (You found it on level 9 of the Dungeon)

   It poisons the flesh of those it strikes.
   It affects your strength (-5).
   It affects your resistance to hostile enchantments.
Missiles
 Z - 56 poisoned darts (quivered)
Armour
 d - a +9 plate armour of fire resistance (worn)
 h - a +2 helmet (worn)
 i - the +1 cloak "Pomoufiso" (worn) {MR+++ Dex+9}
   (You found it on level 2 of the Vaults)

   It affects your dexterity (+9).
   It affects your resistance to hostile enchantments.
 u - a +2 cloak of poison resistance
 I - a +0 plate armour of cold resistance
 J - a +2 pair of gloves (worn)
 P - a +1 pair of boots (worn)
 U - a +2 plate armour of magic resistance
Jewellery
 e - the ring "Mudd" (right hand) {rElec rF+ Str+3 Dex+4 Stlth-}
   (You took it off a deep elf blademaster on level 3 of the Elven Halls)

   [ring of attention]

   It affects your strength (+3).
   It affects your dexterity (+4).
   It protects you from fire.
   It insulates you from electricity.
   It makes you less stealthy.
 j - an uncursed ring of protection from magic
 p - the ring of Wetepheck {Ice +Blink rPois Dex-4}
   (You found it on level 3 of the Elven Halls)

   [ring of ice]

   It enhances your ice magic.
   It affects your dexterity (-4).
   It makes you vulnerable to fire.
   It protects you from cold.
   It protects you from poison.
   It lets you blink.
 w - a +5 ring of strength
 F - an uncursed ring of protection from cold
 L - an uncursed ring of flight
 Q - the amulet of Eternal Harmony {+Rage +Fly rC++}
   (You bought it in a shop on level 2 of the Orcish Mines)

   [amulet of rage]

   It greatly protects you from cold.
   It lets you fly.
   It lets you go berserk.
 S - the amulet "Antauf" (around neck) {*Slow Regen+ Dex+3 Slay+2}
   (You found it on level 11 of the Dungeon)

   [amulet of regeneration]

   It affects your dexterity (+3).
   It affects your accuracy and damage with ranged weapons and melee attacks
   (+2).
   It increases your rate of regeneration.
   It may slow you when you take damage.
 V - a +3 ring of evasion (left hand)
 X - an uncursed ring of see invisible
Wands
 a - a wand of acid (22)
 g - a wand of enslavement (14)
 m - a wand of disintegration (59)
 r - a wand of digging (3)
 x - a wand of clouds (8)
 A - a wand of scattershot (2)
 C - a wand of flame (52)
 O - a wand of paralysis (23)
 R - a wand of iceblast (25)
Scrolls
 q - 4 scrolls of blinking
 s - 18 scrolls of teleportation
 v - 14 scrolls of remove curse
 y - 10 scrolls of immolation
 z - 2 scrolls of fear
 D - 6 scrolls of identify
 N - 7 scrolls of fog
Potions
 c - 3 potions of curing
 k - a potion of agility
 l - a potion of cancellation
 t - 7 potions of flight
 K - a potion of invisibility
Miscellaneous
 n - a fan of gales (inert)
 G - a lightning rod (1/4)
 H - a phial of floods
 M - 4 phantom mirrors
Comestibles
 f - 47 rations


   Skills:
 + Level 20.6(20.0) Fighting
 + Level 25.0(24.3) Axes
 + Level 2.9(2.5) Bows
 + Level 8.4(8.0) Throwing
 + Level 17.3(16.7) Armour
 + Level 3.4(3.0) Dodging
 + Level 8.1(7.6) Stealth
   Level 7.7(7.3) Shields
 + Level 7.1(6.7) Invocations
 + Level 5.3(4.9) Evocations


You had 19 spell levels left.
You didn't know any spells.
Your spell library contained the following spells:

 Spells                   Type           Power        Failure   Level  Hunger
 Confusing Touch          Hex            #.....       92%         1    ##.....
 Corona                   Hex            #......      92%         1    ##.....
 Flame Tongue             Conj/Fire      #....        92%         1    ##.....
 Magic Dart               Conj           #...         92%         1    ##.....
 Summon Butterflies       Summ           #.......     92%         1    ##.....
 Summon Small Mammal      Summ           #...         92%         1    ##.....
 Blink                    Tloc           N/A          98%         2    ###....
 Call Imp                 Summ           #.......     98%         2    ###....
 Corpse Rot               Necr           N/A          98%         2    ###....
 Ensorcelled Hibernation  Hex/Ice        #.....       98%         2    ###....
 Poisonous Vapours        Pois/Air       #.....       98%         2    ###....
 Slow                     Hex            #.......     98%         2    ###....
 Throw Flame              Conj/Fire      #.....       98%         2    ###....
 Call Canine Familiar     Summ           #.......     100%        3    ####...
 Confuse                  Hex            #.......     100%        3    ####...
 Conjure Flame            Conj/Fire      #.......     100%        3    ####...
 Gell's Gravitas          Tloc           #.........   100%        3    ####...
 Ignite Poison            Fire/Tmut/Pois #.......     100%        3    ####...
 Inner Flame              Hex/Fire       #.......     100%        3    ####...
 Mephitic Cloud           Conj/Pois/Air  #.......     100%        3    ####...
 Portal Projectile        Hex/Tloc       #.....       100%        3    ####...
 Stone Arrow              Conj/Erth      #.....       100%        3    ####...
 Summon Guardian Golem    Hex/Summ       #.......     100%        3    ####...
 Cause Fear               Hex            #.........   100%        4    #####..
 Leda's Liquefaction      Hex/Erth       #.........   100%        4    #####..
 Petrify                  Tmut/Erth      #.......     100%        4    #####..
 Sticky Flame             Conj/Fire      #.......     100%        4    #####..
 Summon Ice Beast         Ice/Summ       #.......     100%        4    #####..
 Summon Lightning Spire   Summ/Air       #.......     100%        4    #####..
 Bolt of Magma            Conj/Fire/Erth #.........   100%        5    ######.
 Borgnjor's Vile Clutch   Necr/Erth      #.........   100%        5    ######.
 Fireball                 Conj/Fire      #.........   100%        5    ######.
 Iskenderun's Battlesphe  Conj/Chrm      #.......     100%        5    ######.
 Metabolic Englaciation   Hex/Ice        #.........   100%        5    ######.
 Silence                  Hex/Air        #.........   100%        5    ######.
 Summon Forest            Summ/Tloc      #.........   100%        5    ######.
 Summon Mana Viper        Hex/Summ       #.......     100%        5    ######.
 Venom Bolt               Conj/Pois      #.........   100%        5    ######.
 Yara's Violent Unravell  Hex/Tmut       #.........   100%        5    ######.
 Bolt of Fire             Conj/Fire      #.........   100%        6    #######
 Conjure Ball Lightning   Conj/Air       #.........   100%        6    #######
 Darkness                 Hex            #.........   100%        6    #######
 Deflect Missiles         Chrm/Air       #.........   100%        6    #######
 Freezing Cloud           Conj/Ice/Air   #.........   100%        6    #######
 Hydra Form               Tmut           #.........   100%        6    #######
 Iron Shot                Conj/Erth      #.........   100%        6    #######
 Shadow Creatures         Summ           N/A          100%        6    #######
 Orb of Destruction       Conj           #.........   100%        7    #######
 Ring of Flames           Chrm/Fire      #.........   100%        7    #######
 Spellforged Servitor     Conj/Summ      #.........   100%        7    #######
 Summon Hydra             Summ           #.........   100%        7    #######
 Discord                  Hex            #.........   100%        8    #######
 Ignition                 Fire           #.........   100%        8    #######
 Tornado                  Air            #.........   100%        9    #######


Dungeon Overview and Level Annotations

Branches:
Dungeon (14/15)            Temple (0/1) D:6            Lair (6/6) D:11
  Swamp (4/4) Lair:4       Spider (0/4) Lair:4        Slime (0/5) Lair:6
    Orc (2/2) D:10            Elf (3/3) Orc:2        Vaults (5/5) D:14
  Crypt (0/3) Vaults:3

Altars:
Ashenzari
Cheibriados
Gozag
Kikubaaqudgha
Makhleb
Nemelex Xobeh
Qazlal
Sif Muna
Wu Jian
Yredelemnul
The Shining One
Beogh
Jiyva

Shops:
D:6 ?   D:7 !   D:8 %   D:9 (   D:12 :   Orc:2 =[*(   Elf:2 *   Elf:3 ?
Vaults:3 ?


Message History

The war gargoyle hits you with a +0 flail!
* * * LOW HITPOINT WARNING * * *
5 small abominations, a large abomination and 10 crawling corpses come into view.
There is an escape hatch in the ceiling, spattered with blood here.
Things that are here:
a +0 arbalest; a +1 vampiric battleaxe; 24 bolts
As you read the scroll of teleportation, it crumbles to dust.
You feel strangely unstable.
Your profane servitor hits the war gargoyle but does no damage.
Your profane servitor hits the war gargoyle with a +2 whip!
The yaktaur captain completely misses you.
The war gargoyle hits you but does no damage.
The ironbrand convoker gestures at the crawling corpse while chanting.
The crawling corpse seems to grow stronger.
The deep elf death mage casts a spell at you.
The bolt of negative energy hits the war gargoyle.
The war gargoyle completely resists.
The bolt of negative energy hits you.
You feel drained.
You die...
Your body rises from the dead as a mindless zombie.

. #....#..#
#.#....#.*##
.##X#....#.Q..
.........C..
####..p.....#####
.......)))x......
.....xexA)x......
...x..<9Dx.......
....XOxc@))......
####..)xx)x.#####
#..xxxx..#
#..#..x.##+
#...#....# #...
#....# .C. #...!#
.## #....# #....#


You could see a tentacled monstrosity, a titan, a tengu reaver, a yaktaur
captain, a deep elf death mage, an ettin, a war gargoyle, a large abomination,
an ironbrand convoker, an ogre, 5 small abominations, a battlesphere, 10
crawling corpses, a friendly bone dragon and a friendly profane servitor.

Vanquished Creatures
  2 tentacled monstrosities (Vaults:5)
  A sphinx (Vaults:3)
  A titan (Vaults:5)
  2 tentacled starspawn (Abyss:2)
  A tengu reaver (Vaults:5)
  Donald (Vaults:1)
  10 vault wardens
  A frost giant (Vaults:5)
  A deep elf sorcerer (Vaults:4)
  5 ironheart preservers
  A deep elf elementalist (Elf:3)
  6 stone giants
  2 deep elf death magi
  2 fire dragons
  9 yaktaur captains
  An ogre mage (Vaults:4)
  21 vault guards
  A great orb of eyes (Vaults:4)
  Fannar (Lair:2)
  A ghost crab (Swamp:2)
  An ice dragon (Lair:6)
  4 hydras
  The ghost of spacerossing the Severer, a journeyman MiFi of Okawaru (D:10)
  2 rakshasas
  4 centaur warriors
  3 death knights
  10 dancing weapons
  A catoblepas (Lair:4)
  11 two-headed ogres
  9 alligators
  A thrashing horror (Abyss:2)
  A deep troll earth mage (D:11)
  A death yak (Lair:4)
  An orc high priest (Orc:2)
  A storm dragon zombie (Vaults:4)
  13 deep elf knights
  A hell knight (Abyss:2)
  2 shadow wraiths
  2 skeletal warriors (Vaults:2)
  5 deep trolls (Vaults:2)
  A flayed ghost (Vaults:2)
  A glowing orange brain (Abyss:2)
  2 unseen horrors
  3 swamp dragons (Swamp:4)
  A wizard (Vaults:1)
  7 deep elf archers
  A large abomination (Abyss:2)
  2 necromancers
  8 orc knights
  4 wolf spiders
  5 ironbrand convokers
  3 lindwurms
  Pikel (D:4)
  A fire giant zombie (Vaults:4)
  A salamander (shapeshifter) (Elf:3)
  26 deep elf magi
  16 ugly things
  A cyclops (Vaults:1)
  2 orc sorcerers
  19 slime creatures
  5 black mambas
  A guardian serpent (Lair:6)
  Maurice (D:13)
  An elephant (shapeshifter) (Vaults:3)
  5 elephants
  A fire giant skeleton (Abyss:2)
  6 torpor snails (Lair:6)
  A smoke demon (Abyss:2)
  4 vault sentinels
  9 spiny frogs
  A rime drake (Lair:1)
  An efreet (Abyss:2)
  2 freezing wraiths
  20 yaktaurs
  2 ice devils (Lair:6)
  2 komodo dragons
  An ancient zyme (Abyss:2)
  5 trolls
  A raiju (Abyss:2)
  Grinder (D:3)
  3 tyrant leeches
  8 hornets
  5 blink frogs
  A polar bear (shapeshifter) (Vaults:3)
  6 hippogriffs
  A bog body (Swamp:3)
  2 shadows (Swamp:3)
  Sigmund (D:3)
  A redback (Lair:6)
  A spriggan (Swamp:2)
  2 ynoxinuls (Abyss:2)
  A wraith (Vaults:3)
  7 wyverns
  A water elemental (Elf:1)
  26 yaks
  2 steam dragons (Swamp:4)
  2 chaos spawn (Abyss:2)
  4 humans (D:14)
  4 vampire mosquitoes
  3 basilisks
  A hungry ghost (D:6)
  An elf skeleton (Vaults:4)
  2 wargs
  7 swamp worms
  6 water moccasins
  An acid dragon (Vaults:2)
  4 hell hounds (Abyss:2)
  5 swamp drakes
  3 porcupines
  24 orc warriors
  4 ice beasts
  3 sky beasts
  An elf zombie (Vaults:4)
  An eye of draining (Abyss:2)
  A slave (D:4)
  3 phantoms
  10 ogres
  A black bear (Lair:1)
  5 necrophages
  11 centaurs
  16 wolves
  2 boggarts
  7 crocodiles
  4 big kobolds
  Blork the orc (D:4)
  10 bullfrogs
  An earth elemental (Elf:2)
  A scorpion (D:8)
  6 killer bees
  6 wights
  3 howler monkeys
  11 crimson imps
  A bullfrog zombie (D:11)
  A lava snake (Swamp:4)
  7 hounds
  2 starcursed masses (Abyss:2)
  4 centaur zombies
  3 bullfrog skeletons
  19 orc priests
  A centaur skeleton (D:7)
  5 jellies
  14 orc wizards
  2 iron imps (Abyss:2)
  Jessica (D:2)
  4 iguanas
  11 worker ants
  A hound zombie (D:10)
  A mummy (D:9)
  2 hound skeletons
  2 worker ant zombies
  Robin (D:3)
  A gnoll (Orc:2)
  A river rat (D:4)
  11 adders
  4 shadow imps
  A worker ant simulacrum (D:10)
  An adder zombie (D:9)
  4 worms
  7 dart slugs
  3 leopard geckos
  60 orcs
  2 ball pythons (D:2)
  5 giant cockroaches
  15 goblins
  6 hobgoblins
  11 jackals
  5 quokkas
  3 bats
  5 frilled lizards
  A giant cockroach zombie (D:5)
  A jackal skeleton (D:4)
  17 kobolds
  6 rats
  A crawling corpse (Elf:3)
  11 fungi
  9 plants
  2 starspawn tentacles (Abyss:2)
  5 toadstools (D:1)
842 creatures vanquished.

Vanquished Creatures (collateral kills)
  A bone dragon (Elf:2)
  Jory (Vaults:3)
  The ghost of cada the Fencer, an adept FoFi of Okawaru (Vaults:2)
  Rupert (Vaults:1)
  2 deep elf blademasters (Elf:3)
  2 deep elf master archers (Elf:3)
  A thorn hunter (Swamp:3)
  Louise (D:14)
  A frost giant (Vaults:5)
  7 deep elf sorcerers
  A vault warden (Vaults:2)
  2 orc warlords
  3 ironheart preservers
  6 deep elf elementalists (Elf:3)
  2 spriggan defenders (Vaults:1)
  A stone giant (Vaults:2)
  A vampire knight (Vaults:1)
  5 deep elf demonologists (Elf:3)
  8 deep elf annihilators (Elf:3)
  An eidolon (Abyss:2)
  A crystal guardian (Vaults:4)
  5 deep elf death magi
  3 deep elf high priests
  5 fire dragons
  3 ogre magi
  17 vault guards
  7 yaktaur captains
  An ice dragon (Vaults:4)
  Erica (Lair:2)
  10 hydras
  6 centaur warriors
  14 two-headed ogres
  7 alligators
  2 death yaks (Lair:4)
  4 large abominations
  11 dancing weapons
  Urug (D:12)
  A thrashing horror (Abyss:2)
  A titan zombie (Vaults:4)
  An orc high priest (Orc:2)
  2 shadow wraiths
  14 deep elf knights
  A wretched star (Abyss:2)
  A sixfirhy (Abyss:2)
  2 unseen horrors (D:14)
  7 swamp dragons (Swamp:4)
  A wizard (D:14)
  A glowing orange brain (Vaults:4)
  9 deep elf archers
  40 deep elf magi
  4 ironbrand convokers
  A necromancer (Vaults:4)
  23 ugly things
  An orb spider (Lair:4)
  A mana viper (shapeshifter) (Elf:2)
  8 orc knights
  A salamander (shapeshifter) (Vaults:3)
  5 cyclopes
  2 orc sorcerers (Orc:2)
  A frost giant skeleton (Vaults:4)
  2 black mambas (Lair:6)
  5 elephants
  5 vault sentinels
  2 smoke demons (Abyss:2)
  2 torpor snails
  2 gargoyles
  A rime drake (Lair:6)
  11 yaktaurs
  17 spiny frogs
  2 komodo dragons
  2 human skeletons (Vaults:4)
  A freezing wraith (Vaults:4)
  4 trolls
  A small abomination (Elf:3)
  A yaktaur skeleton (Vaults:4)
  A queen bee (shapeshifter) (D:13)
  12 blink frogs
  A jumping spider (shapeshifter) (Vaults:4)
  11 tyrant leeches
  2 hippogriffs
  A hornet (shapeshifter) (Vaults:4)
  A hippogriff (shapeshifter) (Elf:3)
  19 slime creatures
  11 hornets
  A raiju (shapeshifter) (Elf:3)
  3 bog bodies
  4 dream sheep (Lair:5)
  A raiju (Abyss:2)
  An air elemental (Elf:2)
  6 spriggans (Swamp:2)
  4 wyverns (Lair:6)
  22 yaks
  3 fire elementals (Elf:2)
  A water elemental (Elf:1)
  2 humans (D:14)
  A hungry ghost (D:11)
  11 vampire mosquitoes
  5 basilisks
  A steam dragon (Swamp:4)
  A soldier ant (D:9)
  5 wargs
  A soldier ant (shapeshifter) (Elf:3)
  7 swamp worms
  2 acid dragons
  10 insubstantial wisps
  8 water moccasins
  A hell hound (Abyss:2)
  21 orc warriors
  13 swamp drakes
  4 porcupines
  An ice beast (D:5)
  A phantom (D:9)
  3 black bears
  4 necrophages (D:9)
  An eye of draining (shapeshifter) (Elf:2)
  2 eyes of draining
  4 boggarts
  9 wolves
  7 ogres
  2 centaurs (Vaults:3)
  7 crocodiles
  4 bullfrogs
  A gnoll sergeant (Orc:2)
  3 scorpions
  2 killer bees
  A human simulacrum (Vaults:2)
  3 electric eels
  4 wights
  4 crimson imps
  A lava snake (Swamp:4)
  A bullfrog zombie (D:9)
  A hound (D:14)
  A bullfrog skeleton (D:9)
  10 orc wizards
  10 orc priests
  2 jellies
  An iguana (D:14)
  A killer bee zombie (D:9)
  A bullfrog simulacrum (D:10)
  A howler monkey zombie (D:9)
  An adder (D:6)
  5 gnolls (Orc:2)
  2 white imps (D:10)
  An adder zombie (D:9)
  A dart slug (D:5)
  A leopard gecko (D:7)
  30 orcs
  A giant cockroach (D:6)
  4 kobolds
  A leopard gecko skeleton (D:8)
  2 briar patches (Swamp:3)
  3 crawling corpses (Elf:3)
  12 fungi
  A lurking horror (Abyss:2)
  22 plants
  A starspawn tentacle (Abyss:2)
711 creatures vanquished.

Vanquished Creatures (others)
  3 profane servitors
  A bone dragon (Vaults:5)
  6 ghouls
  4 vampire knights
  A hydra (Swamp:4)
  7 skeletal warriors
  3 flayed ghosts
  2 lindwurms (Swamp:4)
  A swamp dragon (Swamp:4)
  11 phantasmal warriors
  A deep troll zombie (D:11)
  5 flying skulls (D:10)
  3 vampires
  4 wraiths
  A steam dragon (Swamp:4)
  A swamp drake (Swamp:4)
  3 hippogriff zombies
  A yak zombie (D:11)
  2 wights
  A yak skeleton (D:11)
  A centaur zombie (D:6)
  2 basilisk zombies (D:11)
  An orc priest (D:13)
  A bullfrog skeleton (D:11)
  An orc wizard (D:8)
  A sky beast zombie (D:6)
  A hound zombie (D:5)
  An adder (D:4)
  An adder zombie (D:8)
  A worm (D:4)
  A quokka zombie (D:6)
  A rat (D:4)
  A fire vortex (Elf:2)
  3 fungi (Lair:6)
  A lurking horror (Abyss:2)
  18 plants (Lair:6)
  5 starspawn tentacles (Abyss:2)
  2 withered plants (D:9)
104 creatures vanquished.

Grand Total: 1657 creatures vanquished

Notes
Turn   | Place    | Note
-------+----------+-------------------------------------------
     0 | D:1      | RobertB the Hill Orc Fighter began the quest for the Orb.
     0 | D:1      | Reached XP level 1. HP: 19/19 MP: 1/1
   140 | D:1      | Reached XP level 2. HP: 27/27 MP: 2/2
   227 | D:1      | Reached skill level 3 in Axes
   477 | D:1      | Reached XP level 3. HP: 32/33 MP: 3/3
   636 | D:2      | Found a basalt altar of Yredelemnul.
   643 | D:2      | Became a worshipper of Yredelemnul the Dark
   707 | D:2      | Found an ornate altar of the Wu Jian Council.
   710 | D:2      | Noticed Jessica
   720 | D:2      | Killed Jessica
   720 | D:2      | Reached skill level 4 in Axes
   720 | D:2      | Reached XP level 4. HP: 29/40 MP: 4/4
  1177 | D:3      | Noticed Grinder
  1190 | D:3      | Paralysed by Grinder for 2 turns
  1200 | D:3      | Killed Grinder
  1200 | D:3      | Reached skill level 5 in Axes
  1200 | D:3      | Reached skill level 1 in Throwing
  1200 | D:3      | Reached XP level 5. HP: 30/47 MP: 5/5
  1200 | D:3      | Reached XP level 6. HP: 34/53 MP: 6/6
  1339 | D:3      | Noticed Sigmund
  1368 | D:3      | Killed Sigmund
  1368 | D:3      | Reached skill level 6 in Axes
  1368 | D:3      | Reached XP level 7. HP: 44/60 MP: 7/7
  1543 | D:3      | Reached * piety under Yredelemnul
  1633 | D:3      | Noticed Robin
  1641 | D:3      | Killed Robin
  1864 | D:3      | Found an opulent altar of Gozag.
  1942 | D:4      | Reached skill level 5 in Fighting
  2182 | D:4      | Reached skill level 7 in Axes
  2420 | D:4      | Noticed Pikel
  2426 | D:4      | Killed Pikel
  2426 | D:4      | Reached ** piety under Yredelemnul
  2426 | D:4      | Reached skill level 8 in Axes
  2426 | D:4      | Reached skill level 5 in Armour
  2426 | D:4      | Reached XP level 8. HP: 49/70 MP: 8/8
  2936 | D:4      | Noticed Blork the orc
  2959 | D:4      | Killed Blork the orc
  3232 | D:5      | Entered Level 5 of the Dungeon
  3432 | D:5      | Found a shattered altar of Ashenzari.
  3472 | D:5      | Reached skill level 9 in Axes
  3486 | D:5      | Reached skill level 5 in Shields
  3694 | D:5      | Reached skill level 1 in Dodging
  3694 | D:5      | Reached XP level 9. HP: 44/77 MP: 9/9
  3943 | D:5      | Reached skill level 1 in Invocations
  3956 | D:5      | Found a burning altar of Makhleb.
  4428 | D:6      | Found a glowing golden altar of the Shining One.
  4451 | D:6      | Found a staircase to the Ecumenical Temple.
  4526 | D:6      | Reached skill level 1 in Stealth
  4531 | D:6      | Reached skill level 10 in Axes
  4988 | D:6      | Reached *** piety under Yredelemnul
  5016 | D:6      | Found an ancient bone altar of Kikubaaqudgha.
  5018 | D:6      | Found a stormy altar of Qazlal.
  5285 | D:6      | You fall into a shaft and drop 2 floors!
  5630 | D:6      | Found Fosunujep's Magic Scroll Shoppe.
  5646 | D:6      | Bought a scroll of enchant weapon for 82 gold pieces
  5646 | D:6      | Bought a scroll of fog for 22 gold pieces
  5646 | D:6      | Bought a scroll of enchant armour for 82 gold pieces
  5646 | D:6      | Bought a scroll of magic mapping for 38 gold pieces
  6319 | D:7      | Reached XP level 10. HP: 85/86 MP: 11/11
  6365 | D:7      | Received a gift from Yredelemnul (a wight)
  6389 | D:7      | Found Culimi's Distillery.
  6399 | D:7      | Bought a potion of heal wounds for 80 gold pieces
  6399 | D:7      | Bought a potion of brilliance for 64 gold pieces
  6446 | D:7      | Reached skill level 11 in Axes
  6739 | D:7      | Reached skill level 5 in Throwing
  6821 | D:7      | Bought a potion of mutation for 128 gold pieces
  7040 | D:8      | Reached skill level 1 in Evocations
  7132 | D:8      | Found Hougy's Food Shoppe.
  7393 | D:8      | Reached **** piety under Yredelemnul
  7607 | D:9      | Reached skill level 12 in Axes
  7634 | D:9      | Found a sparkling altar of Nemelex Xobeh.
  7657 | D:9      | Received a gift from Yredelemnul (a wight)
  7920 | D:9      | Noticed a two-headed ogre
  7933 | D:9      | Killed a two-headed ogre
  7970 | D:9      | Noticed a two-headed ogre
  7977 | D:9      | Killed a two-headed ogre
  8153 | D:9      | Got a polished battleaxe
  8379 | D:9      | Found a shimmering blue altar of Sif Muna.
  8475 | D:9      | Reached XP level 11. HP: 86/93 MP: 12/12
  8624 | D:9      | Found Wutt's Weapon Emporium.
  9016 | D:9      | Received a gift from Yredelemnul (5 flying skulls)
  9325 | D:9      | Received a gift from Yredelemnul (a wraith)
  9499 | D:10     | Entered Level 10 of the Dungeon
  9617 | D:10     | Found a portal to a secret trove of treasure.
  9670 | D:10     | Found a staircase to the Orcish Mines.
  9689 | D:10     | Found a runed translucent gate.
  9689 | D:10     | Found a runed translucent gate.
  9689 | D:10     | Found a runed translucent gate.
  9705 | D:10     | Noticed spacerossing's ghost (journeyman MiFi)
  9765 | D:10     | Killed spacerossing's ghost
  9765 | D:10     | Reached ***** piety under Yredelemnul
  9765 | D:10     | Reached skill level 13 in Axes
  9966 | D:10     | Got the ring "Joarestra" {Fire}
 10183 | D:10     | Identified the +11 battleaxe "Samecuah" {venom, MR+++
                  | Str-5} (You found it on level 9 of the Dungeon)
 10325 | Orc:1    | Entered Level 1 of the Orcish Mines
 10333 | Orc:1    | Received a gift from Yredelemnul (a vampire)
 10333 | Orc:1    | Noticed an orc warlord
 10344 | D:10     | HP: 3/95 [orc warrior/+0 short sword[an orc warlord] (16)]
 11063 | Orc:1    | Noticed an orc sorcerer
 11563 | Orc:1    | Killed an orc sorcerer
 12526 | Orc:1    | Killed an orc warlord
 13110 | D:11     | Received a gift from Yredelemnul (a wraith)
 13125 | D:11     | Found a staircase to the Lair.
 13144 | D:11     | Reached XP level 12. HP: 88/105 MP: 14/14
 13452 | D:11     | Noticed a deep troll earth mage
 13453 | D:11     | Noticed a centaur warrior
 13459 | D:11     | Found a runed translucent door.
 13486 | D:11     | Killed a deep troll earth mage
 13496 | D:11     | Killed a centaur warrior
 13496 | D:11     | Reached skill level 14 in Axes
 13842 | D:11     | Identified the ring "Joarestra" {Fire rN++ Str-2 Int+7}
                  | (You found it on level 10 of the Dungeon)
 13909 | D:11     | Received a gift from Yredelemnul (a phantasmal warrior)
 14094 | D:11     | Got a faintly glowing robe
 14104 | D:11     | Got a heavily runed platinum amulet
 14116 | D:11     | Identified the amulet "Antauf" {*Slow Regen+ Dex+3 Slay+2}
                  | (You found it on level 11 of the Dungeon)
 14151 | D:11     | Received a gift from Yredelemnul (a phantasmal warrior)
 14166 | D:11     | Reached skill level 10 in Armour
 14567 | Lair:1   | Entered Level 1 of the Lair of Beasts
 14693 | Lair:1   | Reached skill level 5 in Invocations
 14707 | Lair:1   | Reached skill level 10 in Fighting
 14832 | Lair:1   | Noticed a four-headed hydra
 14841 | Lair:1   | Killed an eight-headed hydra
 14841 | Lair:1   | Reached skill level 15 in Axes
 15259 | Lair:1   | Found the +4 skin of Zhor {Hibernate rC+++ SInv}
 15393 | Lair:2   | Noticed a four-headed hydra
 15399 | Lair:2   | Killed a six-headed hydra
 15470 | Lair:2   | Noticed Fannar
 15483 | Lair:2   | Killed Fannar
 15532 | Lair:2   | Noticed Erica
 15537 | Lair:2   | Killed Erica
 15537 | Lair:2   | Reached XP level 13. HP: 114/114 MP: 17/17
 15598 | Lair:2   | Received a gift from Yredelemnul (a phantasmal warrior)
 16576 | Lair:4   | Reached skill level 16 in Axes
 16576 | Lair:4   | Received a gift from Yredelemnul (a phantasmal warrior)
 17130 | Lair:4   | Found a staircase to the Swamp.
 17158 | Lair:4   | Received a gift from Yredelemnul (a skeletal warrior)
 17158 | Lair:4   | Reached skill level 1 in Bows
 17420 | Lair:4   | Found a hole to the Spider Nest.
 17859 | Lair:5   | Reached ****** piety under Yredelemnul
 17859 | Lair:5   | Reached skill level 17 in Axes
 17912 | Lair:5   | Received a gift from Yredelemnul (a flayed ghost)
 18189 | Lair:6   | Entered Level 6 of the Lair of Beasts
 18198 | Lair:6   | Received a gift from Yredelemnul (a wraith)
 18379 | Lair:6   | Found a viscous altar of Jiyva.
 18379 | Lair:6   | Found a staircase to the Slime Pits.
 18483 | Lair:6   | Found a runed translucent door.
 18483 | Lair:6   | Noticed an ice dragon
 18497 | Lair:6   | Killed an ice dragon
 18668 | Lair:6   | Received a gift from Yredelemnul (a phantasmal warrior)
 18673 | Lair:6   | Reached XP level 14. HP: 76/126 MP: 18/18
 18912 | Lair:6   | Received a gift from Yredelemnul (a wraith)
 19091 | Lair:6   | Received a gift from Yredelemnul (a vampire knight)
 19099 | Lair:6   | Reached skill level 18 in Axes
 19338 | Lair:6   | Received a gift from Yredelemnul (a phantasmal warrior)
 19853 | Orc:2    | Entered Level 2 of the Orcish Mines
 19908 | Orc:2    | Received a gift from Yredelemnul (a skeletal warrior)
 19914 | Orc:2    | Found a roughly hewn altar of Beogh.
 19918 | Orc:2    | Noticed an orc warlord
 19924 | Orc:2    | Received a gift from Yredelemnul (a profane servitor)
 19931 | Orc:2    | Killed an orc warlord
 19933 | Orc:2    | HP: 6/129 [orc priest/divine providence[an orc warlord]
                  | (12)]
 20018 | Orc:2    | Received a gift from Yredelemnul (a ghoul)
 20136 | Orc:2    | Found Dasho's Antique Weapon Shoppe.
 20146 | Orc:2    | Found Zoduokhe's General Store.
 20181 | Orc:2    | Found Fiufok's Jewellery Shoppe.
 20232 | Orc:2    | Found Ciogeme's Antique Armour Shoppe.
 20251 | Orc:2    | Bought a +3 ring of evasion for 273 gold pieces
 20293 | Orc:2    | Found a staircase to the Elven Halls.
 20528 | Orc:2    | Found a roughly hewn altar of Beogh.
 20571 | Orc:2    | Received a gift from Yredelemnul (a skeletal warrior)
 20831 | Orc:2    | Bought a potion of curing for 45 gold pieces
 20831 | Orc:2    | Bought a scroll of identify for 30 gold pieces
 20831 | Orc:2    | Bought a scroll of enchant armour for 112 gold pieces
 20853 | Orc:2    | Bought the amulet of Eternal Harmony {+Rage +Fly rC++} for
                  | 865 gold pieces
 20853 | Orc:2    | Bought an uncursed ring of resist corrosion for 260 gold
                  | pieces
 20895 | Elf:1    | Entered Level 1 of the Elven Halls
 21140 | Elf:1    | Reached skill level 19 in Axes
 21143 | Elf:1    | Received a gift from Yredelemnul (a phantasmal warrior)
 21451 | Elf:1    | Reached XP level 15. HP: 137/137 MP: 19/19
 21467 | Elf:1    | Got an ancient lead amulet
 22170 | Elf:2    | Received a gift from Yredelemnul (a bone dragon)
 22356 | Elf:2    | Reached skill level 20 in Axes
 22364 | Elf:2    | Killed a bone dragon
 22494 | Elf:2    | Found Hetinn's Elven Fire.
 22870 | Elf:2    | Received a gift from Yredelemnul (a ghoul)
 22879 | Elf:2    | Found a runed translucent gate.
 22879 | Elf:2    | Found a runed translucent gate.
 22879 | Elf:2    | Found a runed translucent gate.
 23134 | Elf:2    | Received a gift from Yredelemnul (a vampire knight)
 23168 | Elf:2    | Received a gift from Yredelemnul (a ghoul)
 23701 | Elf:2    | Received a gift from Yredelemnul (a ghoul)
 23760 | Elf:2    | Got a transparent battleaxe
 23761 | Elf:2    | Identified the cursed +0 battleaxe "Beetleslayer" {freeze,
                  | *Drain +Blink rElec Str+5} (You found it on level 2 of the
                  | Elven Halls)
 24286 | D:12     | Reached skill level 15 in Fighting
 24432 | D:12     | Received a gift from Yredelemnul (a profane servitor)
 24627 | D:12     | Noticed Urug
 24635 | D:12     | Killed Urug
 24678 | D:12     | Reached XP level 16. HP: 149/149 MP: 20/20
 24750 | D:12     | Found Yborad's Book Shoppe.
 25152 | D:13     | Received a gift from Yredelemnul (a skeletal warrior)
 25408 | D:13     | Received a gift from Yredelemnul (a ghoul)
 25619 | D:13     | Noticed Maurice
 25623 | D:13     | Killed Maurice
 25698 | D:13     | Identified the amulet "Ciff" {RegenMP rPois rN+} (You found
                  | it on level 1 of the Elven Halls)
 25940 | Orc:2    | Bought an uncursed amulet of regeneration for 390 gold
                  | pieces
 26023 | Elf:3    | Entered Level 3 of the Elven Halls
 26092 | Elf:3    | Noticed a deep elf blademaster
 26098 | Elf:3    | Noticed a deep elf master archer
 26107 | Elf:3    | Killed a deep elf blademaster
 26113 | Elf:3    | Reached skill level 21 in Axes
 26135 | Elf:3    | Received a gift from Yredelemnul (a phantasmal warrior)
 26155 | Elf:3    | Killed a deep elf master archer
 26166 | Elf:3    | Killed a deep elf master archer
 26181 | Elf:3    | Noticed an Ice Fiend
 26185 | Elf:3    | Received a gift from Yredelemnul (a profane servitor)
 26386 | Elf:3    | Identified the ring "Mudd" {rElec rF+ Str+3 Dex+4 Stlth-}
 26386 | Elf:3    | Noticed a deep elf blademaster
 26394 | Elf:3    | Killed a deep elf blademaster
 26858 | Orc:2    | Bought an uncursed ring of protection from magic for 325
                  | gold pieces
 26979 | D:10     | You paid a toll of a +6 demon whip to enter a treasure
                  | trove
 26980 | Trove    | Entered a treasure trove
 27568 | Elf:3    | Got a sparkling platinum ring
 27571 | Elf:3    | Got a scorched jade ring
 27611 | Elf:3    | Identified the ring of Wetepheck {Ice +Blink rPois Dex-4}
                  | (You found it on level 3 of the Elven Halls)
 27619 | Elf:3    | Identified the ring "Voocliar" {+Inv rPois MP+9} (You found
                  | it on level 3 of the Elven Halls)
 27776 | Elf:3    | Found Lecel's Magic Scroll Shoppe.
 27782 | Elf:3    | Bought a scroll of summoning for 180 gold pieces
 27782 | Elf:3    | Bought a scroll of identify for 38 gold pieces
 28650 | Swamp:1  | Entered Level 1 of the Swamp
 28655 | Swamp:1  | Received a gift from Yredelemnul (a vampire knight)
 28864 | Swamp:1  | Received a gift from Yredelemnul (a flayed ghost)
 29359 | Swamp:2  | Reached XP level 17. HP: 158/158 MP: 22/22
 30482 | Swamp:3  | Reached skill level 22 in Axes
 30500 | Swamp:3  | Received a gift from Yredelemnul (a vampire)
 30931 | Swamp:3  | Got a bloodstained broad axe
 30932 | Swamp:3  | Identified the +8 broad axe "Zasitowo" {flame, +Blink rElec
                  | rC- Dex+2} (You found it on level 3 of the Swamp)
 31032 | Swamp:4  | Entered Level 4 of the Swamp
 31052 | Swamp:4  | Received a gift from Yredelemnul (a bone dragon)
 31088 | Swamp:4  | Reached skill level 15 in Armour
 31096 | Swamp:4  | Reached skill level 5 in Stealth
 31502 | Swamp:4  | Received a gift from Yredelemnul (a vampire)
 31646 | Swamp:4  | Got a decaying rune of Zot
 32266 | D:14     | Received a gift from Yredelemnul (a phantasmal warrior)
 32373 | D:14     | Found a snail-covered altar of Cheibriados.
 32503 | D:14     | Identified the +5 broad axe of Earthquakes {freeze, Fragile
                  | rElec rN+ MR+}
 32542 | D:14     | Found a gate to the Vaults.
 32581 | D:14     | Noticed Louise
 32587 | D:14     | Cast into level 2 of the Abyss (Louise)
 32785 | Abyss:2  | Received a gift from Yredelemnul (a ghoul)
 32785 | Abyss:2  | Noticed a tentacled starspawn
 32796 | Abyss:2  | Killed a tentacled starspawn
 32832 | Abyss:2  | Noticed a tentacled starspawn
 32839 | Abyss:2  | Killed a tentacled starspawn
 32968 | Abyss:2  | Received a gift from Yredelemnul (a vampire)
 33094 | Abyss:2  | Received a gift from Yredelemnul (a skeletal warrior)
 33106 | D:14     | Escaped the Abyss
 33114 | D:14     | Killed Louise
 33532 | D:14     | Found a shimmering blue altar of Sif Muna.
 33537 | D:14     | Reached XP level 18. HP: 170/170 MP: 23/23
 33684 | Vaults:1 | Entered Level 1 of the Vaults
 34004 | Vaults:1 | Received a gift from Yredelemnul (a vampire knight)
 34329 | Vaults:1 | Noticed Donald
 34335 | Vaults:1 | Killed Donald
 34526 | Vaults:1 | Reached skill level 23 in Axes
 34546 | Vaults:1 | Noticed Rupert
 34562 | Vaults:1 | Killed Rupert
 34889 | Vaults:1 | Received a gift from Yredelemnul (a profane servitor)
 35558 | Vaults:2 | Received a gift from Yredelemnul (a ghoul)
 35851 | Vaults:2 | Received a gift from Yredelemnul (a skeletal warrior)
 36380 | Vaults:2 | Found a runed translucent gate.
 36380 | Vaults:2 | Found a runed translucent gate.
 36380 | Vaults:2 | Found a runed translucent gate.
 36382 | Vaults:2 | Noticed cada's ghost (adept FoFi)
 36401 | Vaults:2 | Reached XP level 19. HP: 182/182 MP: 24/24
 36404 | Vaults:2 | Killed cada's ghost
 36418 | Vaults:2 | Identified a scroll of acquirement
 36443 | Vaults:2 | Got a pitted cloak
 36454 | Vaults:2 | Identified the +1 cloak "Pomoufiso" {MR+++ Dex+9} (You
                  | found it on level 2 of the Vaults)
 36991 | Vaults:3 | Found a staircase to the Crypt.
 37152 | Vaults:3 | Received a gift from Yredelemnul (a skeletal warrior)
 37395 | Vaults:3 | Found Orhoami's Magic Scroll Shop.
 38182 | Vaults:3 | Reached skill level 24 in Axes
 38223 | Vaults:3 | Noticed Jory
 38238 | Vaults:3 | Killed Jory
 38581 | Vaults:4 | Received a gift from Yredelemnul (a flayed ghost)
 38616 | Vaults:4 | Received a gift from Yredelemnul (a phantasmal warrior)
 38843 | Vaults:4 | Reached skill level 5 in Evocations
 38902 | Vaults:4 | Reached XP level 20. HP: 135/193 MP: 25/25
 39691 | Vaults:4 | Received a gift from Yredelemnul (a phantasmal warrior)
 40068 | Vaults:5 | Entered Level 5 of the Vaults
 40103 | Vaults:5 | Received a gift from Yredelemnul (a bone dragon)
 40152 | Vaults:5 | HP: 8/195 [frost giant/bolt of cold (55)]
 40158 | Vaults:5 | Reached skill level 25 in Axes
 40160 | Vaults:5 | HP: 3/195 [war gargoyle/+0 flail (17)]
 40161 | Vaults:5 | Killed from afar by a deep elf death mage

Levels and vault maps discovered:
D:1:      ldierk_walled_garden, layout_rooms, bh_walls_and_bars
D:2:      layout_basic, nicolae_overflow_crystal_walls, old_standard_altar,
          uniq_jessica
D:3:      layout_basic, first_ration, grunt_gozag_statues, uniq_robin,
          uniq_sigmund, uniq_grinder
D:4:      layout_loops_ring, lightli_sewer_entry_pipes, uniq_blork_the_orc,
          uniq_pikel
D:5:      layout_basic, kennysheep_mini_moat, cheibrodos_ashenzari_chains,
          serial_glass, glass_columns_a, glass_columns_b, due_unseen_surprise,
          feat_on_display, item_on_display_a, feat_on_display,
          grunt_decor_fettered, kennysheep_nondescript
D:6:      minmay_thinvault, layout_rooms, old_standard_altar,
          gammafunk_temple_overflow_pools,
          minmay_temple_entry_statues_fountains, serial_shops, shop
D:7:      minmay_bubble_buster, layout_cave_pools, serial_shops,
          nicolae_shop_crystal
D:8:      layout_cave_pods, serial_shops, shop
D:9:      layout_basic, nemelex_xobeh_ov_fountains_minmay, old_standard_altar,
          serial_shops, shop, serial_undead, serial_undead_d, serial_undead_c,
          serial_undead_f, serial_undead_b, serial_undead_d, serial_undead_c,
          serial_undead_b, serial_undead_c, serial_undead_e, serial_undead_a,
          hangedman_pestilent_swarm, hangedman_decor_push, chequers_garden,
          fungi_pond_lemuel, minmay_diamond_spiral
D:10:     layout_rooms, orc_0_dummy, trove_entry_hex_spiral, gammafunk_ghost_icy
D:11:     layout_roguey, david_lair_generic, kennysheep_path_1, minmay_st_funbox
D:12:     layout_loops_ring, serial_shops, shop, minmay_orc_keep, uniq_urug
D:13:     layout_roguey, uniq_maurice
D:14:     layout_irregular_city, ximxim_vaults_locker_room,
          chequers_serial_rivers_large_a, basic_altar, cheibriados_altar_1,
          uniq_louise
Lair:1:   layout_cave_pods
Lair:2:   layout_chaotic_city, uniq_erica, uniq_fannar
Lair:3:   layout_chaotic_city, serial_bayou_shore_b
Lair:4:   layout_hall_layers, swamp_mist_pool,
          nicolae_spider_entry_orb_guardian, grunt_megastairs_3
Lair:5:   layout_roguey, minivault_27, serial_bayou_shore_a
Lair:6:   hangedman_lair_tendril_chambers, layout_regular_city, wormcave,
          dpeg_slime_entry_enclosed_altar, portal_ice_cave_demonic_guard
Swamp:1:  layout_basic_swamp, evilmike_swamp_ruin_rubble_2
Swamp:2:  layout_falls_marsh, nicolae_swamp_round_clearing,
          infiniplex_staircase_pool
Swamp:3:  layout_basic_swamp, serial_swamp_ruin, evilmike_swamp_ruin_house_6,
          evilmike_swamp_ruin_house_1
Swamp:4:  swamp_fiery, layout_basic_swamp
Orc:1:    layout_caves, serial_shops, nicolae_shop_crystal, basic_altar
Orc:2:    grunt_orc_cross, layout_caves, minmay_orc_temple_a
Elf:1:    minmay_the_grid_triangle_9x9_rhombus_thin_mashed
          [minmay_the_grid_triangle_9x9_sparse_checkered,
          minmay_the_grid_triangle_9x9_prize_top_heavy,
          minmay_the_grid_triangle_9x9_empty,
          minmay_the_grid_triangle_9x9_swiss_cheese], layout_loops_ring,
          kennysheep_underground_church
Elf:2:    layout_onion_city, portal_desolation_entry_nicolae_slug,
          guppyfry_elf_lava
Elf:3:    grunt_elf_hall_branching, layout_geoelf_octagon, serial_shops,
          nicolae_shop_trees
Vaults:1: v_misc_26, v_alt_pattern_5, v_alt_pattern_4, v_pattern_3,
          ontoclasm_vaults_spin, sword_in_stone, hangedman_vaults_impose,
          layout_vaults_omnicross, uniq_donald
Vaults:2: gammafunk_vaults_ghost_tricky_traps, v_misc_25,
          nicolae_vaults_lopsided_apartments, nicolae_vaults_circle_grid_b,
          v_misc_8, grunt_vaults_funnel, hangedman_vaults_impose,
          dpeg_vaults_monster_box, hangedman_vaults_corner_blocks, v_misc_8,
          vaults_mumra_minichess, vaults_standard_mumra_enter_the_diamond,
          v_misc_28, vaults_dpeg_ring, vaults_dpeg_hooks, grunt_vaults_focal,
          layout_vaults_omnibox
Vaults:3: hangedman_vaults_hat, hangedman_vaults_capsules,
          blue_anna_dwarven_crypt, vaults_room_grid,
          nicolae_vaults_border_crossing, hangedman_vaults_river_flow,
          v_misc_26, ontoclasm_vaults_decontamination, layout_vaults_quadrants,
          serial_shops, shop_scrolls, uniq_jory
Vaults:4: v_misc_27, nicolae_vaults_circle_grid_b, ontoclasm_vaults_shuriken,
          v_misc_8, nicolae_vaults_stairing_the_circle, nicolae_vaults_alarming,
          hangedman_vaults_stream, v_misc_16, vaults_room_door_ring,
          nicolae_vaults_network_periphery, vaults_room_door_hall,
          nicolae_vaults_little_squares_6, v_alt_pattern_3,
          ontoclasm_vaults_ligature, layout_vaults_maze_snakey
Vaults:5

Skill      XL: |  1  2  3  4  5  6  7  8  9 10 11 12 13 14 15 16 17 18 19 20 |
---------------+-------------------------------------------------------------+-----
Axes           | 3 4 5 6 8 9 10 12 13 15 17 19 20 21 22 23 24 25 | 25.0
Fighting       | 4 5 6 7 8 9 10 12 13 15 16 17 19 20 | 20.6
Throwing       | 1 3 4 6 7 8 |  8.4
Armour         | 4 5 7 9 10 11 12 13 14 15 16 17 | 17.3
Shields        | 4 5 6 7 |  7.7
Dodging        | 1 2 3 |  3.4
Invocations    | 2 3 5 7 |  7.1
Stealth        | 1 2 3 4 5 7 8 |  8.1
Evocations     | 1 2 3 4 5 |  5.3
Bows           | 2 |  2.9

Action                   |  1- 3 |  4- 6 |  7- 9 | 10-12 | 13-15 | 16-18 | 19-21 || total
-------------------------+-------+-------+-------+-------+-------+-------+-------++-------
Melee: War axe           |    39 |    65 |   307 |       |       |       |       ||   411
       Hand axe          |    48 |       |       |   189 |       |       |       ||   237
       Broad axe         |       |       |    44 |   153 |       |   435 |   354 ||   986
       Battleaxe         |       |       |       |   182 |   481 |   279 |       ||   942
 Fire: Shortbow          |       |       |       |       |     7 |       |       ||     7
       Longbow           |       |       |       |       |     2 |       |       ||     2
Throw: Dart              |     9 |    10 |   125 |   138 |    19 |    28 |     1 ||   330
       Boomerang         |       |       |       |     3 |       |       |       ||     3
Invok: Animate Remains   |       |       |     5 |       |       |       |       ||     5
       Animate Dead      |       |       |     2 |     6 |       |       |       ||     8
       Recall Undead Sla |       |       |       |    10 |     4 |     6 |       ||    20
Evoke: Wand              |       |       |    11 |    30 |     2 |    28 |    15 ||    86
       Lightning rod     |       |       |       |       |       |     7 |     3 ||    10
       Phial of floods   |       |       |       |       |       |     1 |       ||     1
       Fan of gales      |       |       |       |       |       |       |     1 ||     1
  Use: Scroll            |     1 |     4 |    12 |    10 |    11 |    27 |     8 ||    73
       Potion            |     1 |     2 |     5 |     6 |     6 |    12 |     4 ||    36
 Stab: Invisible         |     1 |       |       |     1 |       |       |       ||     2
       Distracted        |       |       |       |     5 |     7 |    13 |    18 ||    43
       Paralysed         |       |       |       |       |       |     3 |       ||     3
       Confused          |       |       |       |       |       |     2 |       ||     2
  Eat: Chunk             |       |     2 |     7 |    15 |    16 |    20 |     8 ||    68
       Ration            |       |       |     7 |     5 |     4 |     5 |     1 ||    22
Armor: Scale mail        |    19 |       |       |       |       |       |       ||    19
       Chain mail        |    17 |    31 |   242 |   147 |       |       |       ||   437
       Plate armour      |       |       |       |   128 |   274 |   395 |   159 ||   956
Dodge: Dodged            |    12 |     8 |   101 |   143 |   135 |   323 |   151 ||   873
Block: Shield            |    34 |    27 |   203 |   146 |       |       |       ||   410
